 Dungeon Crawl Stone Soup version 0.28-a0-1510-gd0f6b136d3 (webtiles) character file.

Game seed: 2028931424857109082

538 Gargoyl the Skirmisher (level 7, -4/60 HPs)
             Began as a Gnoll Abyssal Knight on Jan 15, 2022.
             Was a Believer of Lugonu.
             Slain by Duvessa (5 damage)
             ... on level 5 of the Dungeon.
             The game lasted 00:05:55 (4199 turns).

Gargoyl the Skirmisher (Gnoll Abyssal Knight)       Turns: 4199, Time: 00:05:56

Health: -4/60      AC: 11    Str: 14    XL:     7   Next: 26%
Magic:  11/11      EV:  5    Int:  9    God:    Lugonu [**....]
Gold:   210        SH:  8    Dex: 13    Spells: 10/10 levels left

rFire   . . .      SeeInvis .   a - +1 hand axe
rCold   . . .      Faith    .   g - +0 kite shield
rNeg    . . .      Spirit   .   b - +0 chain mail
rPois   .          Reflect  .   (helmet restricted)
rElec   .          Harm     .   (no cloak)
rCorr   .          Rampage  .   (no gloves)
Will    .....                   h - +0 pair of boots
Stlth   ..........              (no amulet)
HPRegen 0.20/turn               (no ring)
MPRegen 0.12/turn               (no ring)

@: mighty, lit by a corona, glowing
A: fangs 1, strong nose, distributed training, horns 1
a: Renounce Religion, Depart the Abyss, Bend Space


You were on level 5 of the Dungeon.
You worshipped Lugonu.
Lugonu was pleased with you.
You visited 1 branch of the dungeon, and saw 5 of its levels.
You visited the Abyss 1 time.

You collected 260 gold pieces.
You spent 50 gold pieces at shops.

Inventory:

Hand Weapons
 a - a +1 hand axe (weapon)
Armour
 b - a +0 chain mail (worn)
 g - a +0 kite shield (worn)
 h - a +0 pair of boots (worn)
Wands
 j - a wand of flame (20)
Scrolls
 e - a scroll of identify
Potions
 c - a potion of brilliance
 d - a potion of resistance {unknown}
 f - a potion of invisibility
 l - a potion of haste {unknown}
 m - a potion of degeneration {unknown}


   Skills:
 + Level 7.0 Fighting
 + Level 2.3 Short Blades
 + Level 2.3 Long Blades
 + Level 5.2 Axes
 + Level 2.3 Maces & Flails
 + Level 2.3 Polearms
 + Level 2.3 Staves
 + Level 2.3 Slings
 + Level 2.3 Bows
 + Level 2.3 Crossbows
 + Level 2.3 Throwing
 + Level 5.2 Armour
 + Level 3.5 Dodging
 + Level 2.3 Stealth
 + Level 2.3 Shields
 + Level 2.3 Unarmed Combat
 + Level 2.3 Spellcasting
 + Level 1.9 Conjurations
 + Level 1.9 Hexes
 + Level 1.9 Summonings
 + Level 1.9 Necromancy
 + Level 1.9 Translocations
 + Level 1.9 Transmutations
 + Level 1.9 Fire Magic
 + Level 1.9 Ice Magic
 + Level 1.9 Air Magic
 + Level 1.9 Earth Magic
 + Level 1.9 Poison Magic
 + Level 5.3 Invocations
 + Level 2.3 Evocations


You had 10 spell levels left.
You didn't know any spells.
Your spell library contained the following spells:

 Spells                   Type           Power      Damage    Failure   Level
 Beastly Appendage        Tmut           8%         N/A       100%        1
 Wereblood                Tmut           4%         N/A       100%        2
 Spider Form              Tmut/Pois      4%         N/A       100%        3
 Teleport Other           Tloc           4%         N/A       100%        3
 Passage of Golubria      Tloc           4%         N/A       100%        4
 Metabolic Englaciation   Hex/Ice        2%         N/A       100%        5


Dungeon Overview and Level Annotations

Branches:
Dungeon (5/15)
 Temple: D:4-7

Altars:
Dithmenos
Fedhas
Hepliaklqana
Qazlal
Ru
Vehumet

Shops:
D:3 !

Annotations:
D:5 Duvessa


Innate Abilities, Weirdness & Mutations

You have very sharp teeth.
Your uncanny sense of smell can sniff out nearby items.
Your experience applies equally to all skills.
You have a pair of small horns on your head.


Message History

Unknown command.
You hit Dowan.
You kill Dowan!
Lugonu accepts your kill.
Duvessa screams in rage.
Duvessa goes berserk!
You closely miss Duvessa. You block Duvessa's attack.
Duvessa hits you with a +0 rapier!
Unknown command.
You hit Duvessa but do no damage.
Duvessa is moderately wounded.
Duvessa completely misses you. Duvessa hits you with a +0 rapier!
* * * LOW HITPOINT WARNING * * *
Unknown command.
You feel much better. Duvessa barely misses you.
You feel very mighty all of a sudden. Duvessa hits you with a +0 rapier. x2
You closely miss Duvessa.
Duvessa is moderately wounded.
Duvessa hits you with a +0 rapier! Duvessa barely misses you.
You hit Duvessa. Your headbutt misses Duvessa. You bite Duvessa.
Duvessa is moderately wounded.
You block Duvessa's attack. Duvessa hits you with a +0 rapier.
You hit Duvessa. You headbutt Duvessa.
Duvessa is heavily wounded.
Duvessa hits you with a +0 rapier!
* * * LOW HITPOINT WARNING * * *
You slash Duvessa! You headbutt Duvessa. Your bite misses Duvessa.
Duvessa is severely wounded.
Duvessa hits you with a +0 rapier!
* * * LOW HITPOINT WARNING * * *
Duvessa hits you but does no damage.
You slash Duvessa!
Duvessa is almost dead.
You block Duvessa's attack. Duvessa barely misses you.
You slash Duvessa!
Duvessa is almost dead.
Duvessa hits you with a +0 rapier!
* * * LOW HITPOINT WARNING * * *
Duvessa hits you with a +0 rapier.
You die...

.. #....##..# .
#....##..# .
#.....#..## #.
#.....+...#. #.#
#....##..##. §§#
#####....##..##.
§#.#§##.[##.....#...+[
§§_§e@§.........'...#.
§#.#§#§..##....##..##.
§.###..##....##..##.
#.# #####.....#.....
#. #......#....> #
#.....##..#..
#......####.. ##...>.#
##. ####### ..


You could see Duvessa (berserk).

Vanquished Creatures
  A necrophage (D:4)
  A scorpion (D:4)
  Dowan (D:5)
  A howler monkey (D:4)
  A jelly (D:4)
  2 hounds
  A bullfrog skeleton (D:5)
  An iguana (D:5)
  4 gnolls (D:3)
  3 adders
  A shadow imp (D:5)
  An ufetubus (D:5)
  A worm (D:4)
  4 dart slugs
  4 orcs (D:3)
  2 ball pythons (D:4)
  4 bats
  7 endoplasms
  4 giant cockroaches
  6 goblins
  7 hobgoblins
  2 quokkas (D:3)
  3 frilled lizards
  12 kobolds
  5 rats
79 creatures vanquished.

Notes
Turn   | Place    | Note
-------+----------+-------------------------------------------
     0 | Abyss:1  | Gargoyl the Gnoll Abyssal Knight began the quest for the
                  | Orb.
     0 | Abyss:1  | Reached XP level 1. HP: 23/23 MP: 3/3
     7 | D:1      | Escaped the Abyss
   177 | D:1      | Reached XP level 2. HP: 27/29 MP: 5/5
   264 | D:1      | Reached * piety under Lugonu
   589 | D:1      | Reached XP level 3. HP: 35/35 MP: 6/6
  1182 | D:2      | Found a faded altar of an unknown god.
  1421 | D:3      | Gained mutation: You have a pair of small horns on your
                  | head. [potion of mutation]
  1631 | D:3      | Found a blossoming altar of Fedhas.
  1678 | D:3      | Reached skill level 1 in Short Blades
  1678 | D:3      | Reached skill level 1 in Long Blades
  1678 | D:3      | Reached skill level 1 in Maces & Flails
  1678 | D:3      | Reached skill level 1 in Polearms
  1678 | D:3      | Reached skill level 1 in Staves
  1678 | D:3      | Reached skill level 1 in Slings
  1678 | D:3      | Reached skill level 1 in Bows
  1678 | D:3      | Reached skill level 1 in Crossbows
  1678 | D:3      | Reached skill level 1 in Throwing
  1678 | D:3      | Reached skill level 1 in Stealth
  1678 | D:3      | Reached skill level 1 in Shields
  1678 | D:3      | Reached skill level 1 in Unarmed Combat
  1678 | D:3      | Reached skill level 1 in Spellcasting
  1678 | D:3      | Reached skill level 1 in Evocations
  1687 | D:3      | Reached XP level 4. HP: 41/41 MP: 7/7
  1854 | D:3      | Reached ** piety under Lugonu
  2068 | D:3      | Reached skill level 1 in Conjurations
  2068 | D:3      | Reached skill level 1 in Hexes
  2068 | D:3      | Reached skill level 1 in Summonings
  2068 | D:3      | Reached skill level 1 in Necromancy
  2068 | D:3      | Reached skill level 1 in Translocations
  2068 | D:3      | Reached skill level 1 in Transmutations
  2068 | D:3      | Reached skill level 1 in Fire Magic
  2068 | D:3      | Reached skill level 1 in Ice Magic
  2068 | D:3      | Reached skill level 1 in Air Magic
  2068 | D:3      | Reached skill level 1 in Earth Magic
  2068 | D:3      | Reached skill level 1 in Poison Magic
  2083 | D:3      | Reached XP level 5. HP: 26/47 MP: 8/8
  2232 | D:3      | Found Fasikk's Distillery.
  2235 | D:3      | Bought a potion of heal wounds for 50 gold pieces
  2872 | D:4      | Reached skill level 5 in Invocations
  2872 | D:4      | Reached XP level 6. HP: 21/53 MP: 9/9
  2876 | D:4      | Reached skill level 5 in Axes
  2876 | D:4      | Reached skill level 5 in Armour
  3212 | D:4      | Noticed a necrophage
  3228 | D:4      | Killed a necrophage
  3303 | D:4      | Got the Guide on the Spatial Frostbite
  3484 | D:4      | Found a hazy altar of Hepliaklqana.
  3704 | D:4      | Found a radiant altar of Vehumet.
  3713 | D:4      | Found a stormy altar of Qazlal.
  3783 | D:5      | Entered Level 5 of the Dungeon
  3783 | D:5      | Found a sacrificial altar of Ru.
  3825 | D:5      | Reached XP level 7. HP: 30/59 MP: 10/10
  4062 | D:5      | Reached skill level 7 in Fighting
  4170 | D:5      | Found a shadowy altar of Dithmenos.
  4171 | D:5      | Noticed Duvessa
  4171 | D:5      | Noticed Dowan
  4190 | D:5      | Killed Dowan
  4199 | D:5      | HP: 1/60 [Duvessa (7)]
  4199 | D:5      | Slain by Duvessa

Illustrated notes

Levels and vault maps discovered:
D:1:      scummos_arrival_star, layout_loops_ring, solitary_fountain
D:2:      layout_rooms, hellmonk_ecumenical_altar_heavens_door
D:3:      layout_loops_cross, fedhas_altar_1, serial_shops, nicolae_shop_trees
D:4:      layout_rooms, mainiacjoe_overflow_surrounded_room,
          mainiacjoe_overflow_swirl, amethyst_killhole
D:5:      layout_gridville, grunt_dithmenos_smoke_and_mirrors,
          mainiacjoe_overflow_small_starburst, minmay_temple_entry_tees,
          uniq_duvessa

Skill      XL: |  1  2  3  4  5  6  7 |
---------------+----------------------+-----
Short Blades   | 1 2 |  2.3
Long Blades    | 1 2 |  2.3
Maces & Flails | 1 2 |  2.3
Polearms       | 1 2 |  2.3
Staves         | 1 2 |  2.3
Slings         | 1 2 |  2.3
Bows           | 1 2 |  2.3
Crossbows      | 1 2 |  2.3
Throwing       | 1 2 |  2.3
Stealth        | 1 2 |  2.3
Shields        | 1 2 |  2.3
Unarmed Combat | 1 2 |  2.3
Spellcasting   | 1 2 |  2.3
Evocations     | 1 2 |  2.3
Conjurations   | 1 |  1.9
Hexes          | 1 |  1.9
Summonings     | 1 |  1.9
Necromancy     | 1 |  1.9
Translocations | 1 |  1.9
Transmutations | 1 |  1.9
Fire Magic     | 1 |  1.9
Ice Magic      | 1 |  1.9
Air Magic      | 1 |  1.9
Earth Magic    | 1 |  1.9
Poison Magic   | 1 |  1.9
Dodging        | 3 |  3.5
Invocations    | 5 |  5.3
Axes           | 5 |  5.2
Armour         | 5 |  5.2
Fighting       | 7 |  7.0

Action                   |  1- 3 |  4- 6 |  7- 9 || total
-------------------------+-------+-------+-------++-------
Melee: Hand axe          |   102 |   137 |    34 ||   273
       Bite              |     9 |    17 |     4 ||    30
       Punch             |     3 |       |       ||     3
       Headbutt          |     2 |    32 |     7 ||    41
Invok: Depart the Abyss  |     1 |       |       ||     1
  Use: Scroll            |     5 |     1 |     1 ||     7
       Potion            |     1 |       |     4 ||     5
 Stab: Sleeping          |     2 |       |       ||     2
Armor: Leather armour    |    13 |       |       ||    13
       Ring mail         |    26 |       |       ||    26
       Chain mail        |     7 |    89 |    13 ||   109
Dodge: Dodged            |    84 |    48 |     7 ||   139
Block: Kite shield       |       |    63 |    18 ||    81

Table legend: (Time is in decaauts)
 A = Elapsed time spent in this place.
 B = Non-inter-level travel time spent in this place.
 C = Inter-level travel time spent in this place.
 D = Time resting spent in this place.
 E = Time spent auto-exploring this place.
 F = Levels seen in this place.
 G = Mean time per level.
                   A        B        C        D        E       F      G
               +--------+--------+--------+--------+--------+-----+--------+
         Total |   4243 |   4135 |    108 |    236 |   3071 |   6 |  707.2 |
       Dungeon |   4236 |   4128 |    108 |    236 |   3065 |   5 |  847.2 |
         Abyss |      7 |      7 |      0 |      0 |      6 |   1 |    7.0 |
               +--------+--------+--------+--------+--------+-----+--------+

Top non-repeatable levels by time:
     D:3: 1611 daAuts
     D:1: 855 daAuts
     D:4: 810 daAuts
     D:2: 529 daAuts
     D:5: 428 daAuts
 Abyss:1: 7 daAuts
